2944 views
Uploaded 2020-03-22 21:58:19
Game version 1.32.3
11:37 long 4on4 ladder game on (8)MarketSquare
Saved by ChuckleMan
2944 views
Uploaded 2020-03-22 21:58:19
Game version 1.32.3
11:37 long 4on4 ladder game on (8)MarketSquare


85 units @ 11.3k
/ 0.9k
61 buildings @ 7.6k
/ 2.6k


| Orb of Corruption | 1 | 375 |
| Scroll of Town Portal | 3 | 1050 |
| Scroll of Healing | 1 | 250 |
| Scroll of Speed | 2 | 100 |
| total: | 7 | 1775g |
| Acolyte | 7 | 525 | / | 0 |
| Ghoul | 6 | 720 | / | 0 |
| Gargoyle | 11 | 1925 | / | 330 |
| total: | 24 | 3170g | / | 330w |
| Nerubian Tower | 1 | 100 | / | 20 |
| Crypt | 3 | 600 | / | 150 |
| Necropolis | 1 | 225 | / | 0 |
| Ziggurat | 6 | 900 | / | 300 |
| Altar of Darkness | 1 | 180 | / | 50 |
| Tomb of Relics | 1 | 130 | / | 30 |
| Graveyard | 1 | 215 | / | 0 |
| Sacrificial Pit | 1 | 75 | / | 150 |
| Halls of the Dead | 1 | 320 | / | 210 |
| Black Citadel | 1 | 325 | / | 230 |
| Scout Tower | 2 | 60 | / | 40 |
| Guard Tower | 2 | 140 | / | 100 |
| Lumber Mill | 1 | 120 | / | 0 |
| Keep | 1 | 320 | / | 210 |
| total: | 17 | 2505g | / | 720w |
| 0:03 | Acolyte |
| 0:09 | Crypt |
| 0:17 | Acolyte |
| 0:30 | Necropolis |
| 0:49 | Ziggurat |
| 1:06 | Altar of Darkness |
| 1:17 | Ghoul |
| 1:32 | Ghoul |
| 1:48 | Ghoul |
| 2:19 | Halls of the Dead |
| 2:25 | Ghoul |
| 2:42 | Ghoul |
| 2:44 | Acolyte |
| 3:00 | Ghoul |
| 3:04 | Death Coil |
| 3:57 | Tomb of Relics |
| 4:03 | Unholy Aura |
| 4:13 | Crypt |
| 4:14 | Graveyard |
| 4:16 | Crypt |
| 4:34 | Acolyte |
| 4:34 | Acolyte |
| 4:36 | Ziggurat |
| 4:38 | Ziggurat |
| 5:17 | Black Citadel |
| 5:21 | Lumber Mill |
| 5:49 | Gargoyle |
| 6:13 | Gargoyle |
| 6:17 | Creature Attack |
| 6:20 | Acolyte |
| 6:22 | Acolyte |
| 6:26 | Scout Tower |
| 6:28 | Scout Tower |
| 6:46 | Gargoyle |
| 6:52 | Frost Nova |
| 7:19 | Keep |
| 7:24 | Guard Tower |
| 7:26 | Guard Tower |
| 7:27 | Gargoyle |
| 7:52 | Scroll of Town Portal |
| 7:53 | Orb of Corruption |
| 7:53 | Scroll of Healing |
| 8:21 | Scroll of Town Portal |
| 8:22 | Scroll of Speed |
| 8:24 | Gargoyle |
| 8:25 | Stone Form |
| 8:35 | Improved Creature Attack |
| 8:42 | Nerubian Tower |
| 9:19 | Death Coil |
| 9:22 | Ziggurat |
| 9:23 | Ziggurat |
| 9:23 | Ziggurat |
| 9:24 | Sacrificial Pit |
| 9:29 | Unholy Aura |
| 9:43 | Gargoyle |
| 9:52 | Dark Ritual |
| 10:10 | Scroll of Town Portal |
| 10:11 | Scroll of Speed |
| 10:17 | Gargoyle |
| 10:17 | Gargoyle |
| 10:43 | Gargoyle |
| 10:43 | Gargoyle |
| 11:06 | Gargoyle |
| 11:19 | Advanced Creature Attack |
| Right click | 391 |
| Chat | 267 |
| Select group | 204 |
| Select | 121 |
| Assign group | 58 |
| Build/train/purchase | 53 |
| Use ability | 18 |
| Misc. action | 11 |
| Item give/drop | 2 |

| Peasant | 8 | 600 | / | 0 |
| Rifleman | 3 | 615 | / | 90 |
| total: | 11 | 1215g | / | 90w |
| Scout Tower | 1 | 30 | / | 20 |
| Arcane Tower | 1 | 70 | / | 50 |
| Altar of Kings | 1 | 180 | / | 50 |
| Farm | 3 | 240 | / | 60 |
| Barracks | 1 | 160 | / | 60 |
| Blacksmith | 1 | 140 | / | 60 |
| total: | 7 | 750g | / | 250w |
| 0:06 | Altar of Kings |
| 0:07 | Peasant |
| 0:14 | Peasant |
| 0:34 | Farm |
| 0:57 | Farm |
| 0:59 | Peasant |
| 1:00 | Peasant |
| 1:05 | Peasant |
| 1:22 | Peasant |
| 1:27 | Summon Water Elemental |
| 1:36 | Peasant |
| 2:02 | Barracks |
| 2:09 | Peasant |
| 2:35 | Blacksmith |
| 2:39 | Farm |
| 3:20 | Rifleman |
| 3:23 | Scout Tower |
| 3:34 | Rifleman |
| 3:45 | Rifleman |
| 4:02 | Arcane Tower |
| Chat | 103 |
| Right click | 96 |
| Select | 90 |
| Build/train/purchase | 21 |
| Minimap ping | 5 |
| Use ability | 1 |


| Scroll of Regeneration | 6 | 600 |
| Lesser Clarity Potion | 3 | 210 |
| Scroll of Town Portal | 1 | 350 |
| total: | 10 | 1160g |
| Peasant | 12 | 900 | / | 0 |
| Footman | 3 | 405 | / | 0 |
| Sorceress | 7 | 1085 | / | 140 |
| Rifleman | 7 | 1435 | / | 210 |
| total: | 29 | 3825g | / | 350w |
| Scout Tower | 1 | 30 | / | 20 |
| Arcane Tower | 2 | 140 | / | 100 |
| Lumber Mill | 1 | 120 | / | 0 |
| Farm | 17 | 1360 | / | 340 |
| Altar of Kings | 1 | 180 | / | 50 |
| Barracks | 2 | 320 | / | 120 |
| Arcane Vault | 2 | 260 | / | 60 |
| Arcane Sanctum | 3 | 450 | / | 420 |
| Keep | 2 | 640 | / | 420 |
| Castle | 2 | 720 | / | 420 |
| total: | 27 | 2720g | / | 1010w |
| 0:09 | Peasant |
| 0:09 | Peasant |
| 0:13 | Lumber Mill |
| 0:18 | Farm |
| 0:27 | Peasant |
| 0:36 | Altar of Kings |
| 0:42 | Peasant |
| 0:54 | Peasant |
| 0:59 | Farm |
| 1:20 | Peasant |
| 1:27 | Barracks |
| 1:31 | Peasant |
| 1:31 | Peasant |
| 1:43 | Farm |
| 1:48 | Peasant |
| 2:18 | Peasant |
| 2:37 | Blizzard |
| 2:39 | Footman |
| 2:41 | Keep |
| 2:52 | Arcane Vault |
| 3:00 | Farm |
| 3:36 | Footman |
| 4:14 | Scroll of Regeneration |
| 4:14 | Scroll of Regeneration |
| 4:14 | Lesser Clarity Potion |
| 4:25 | Farm |
| 4:26 | Footman |
| 4:41 | Brilliance Aura |
| 5:28 | Scout Tower |
| 5:33 | Peasant |
| 5:33 | Peasant |
| 5:35 | Arcane Sanctum |
| 5:37 | Arcane Sanctum |
| 5:41 | Arcane Sanctum |
| 5:51 | Farm |
| 6:02 | Arcane Tower |
| 6:04 | Farm |
| 6:32 | Farm |
| 6:39 | Arcane Vault |
| 6:44 | Flame Strike |
| 6:47 | Scroll of Town Portal |
| 6:49 | Lesser Clarity Potion |
| 6:49 | Lesser Clarity Potion |
| 6:55 | Sorceress |
| 7:24 | Sorceress |
| 7:33 | Farm |
| 7:51 | Sorceress |
| 7:52 | Sorceress Adept Training |
| 7:52 | Priest Adept Training |
| 8:11 | Priest Master Training |
| 8:15 | Rifleman |
| 8:15 | Rifleman |
| 8:17 | Farm |
| 8:18 | Farm |
| 8:28 | Scroll of Regeneration |
| 8:28 | Scroll of Regeneration |
| 8:38 | Rifleman |
| 8:41 | Farm |
| 8:46 | Sorceress |
| 8:58 | Barracks |
| 9:09 | Sorceress |
| 9:19 | Brilliance Aura |
| 9:39 | Farm |
| 9:41 | Farm |
| 9:42 | Black Gunpowder |
| 9:42 | Refined Gunpowder |
| 9:43 | Studded Leather Armor |
| 9:43 | Reinforced Leather Armor |
| 9:49 | Castle |
| 10:10 | Siphon Mana |
| 10:39 | Rifleman |
| 10:39 | Rifleman |
| 10:39 | Sorceress |
| 10:42 | Blizzard |
| 11:04 | Rifleman |
| 11:04 | Rifleman |
| 11:04 | Long Rifles |
| 11:08 | Sorceress |
| 11:18 | Scroll of Regeneration |
| 11:18 | Scroll of Regeneration |
| 11:26 | Farm |
| 11:29 | Farm |
| 11:31 | Farm |
| Select group | 1209 |
| Right click | 416 |
| Select | 319 |
| Build/train/purchase | 80 |
| Misc. action | 77 |
| Assign group | 26 |
| Use ability | 11 |
| Item give/drop | 1 |
| Minimap ping | 1 |


| Lesser Clarity Potion | 6 | 420 |
| Healing Salve | 4 | 400 |
| Potion of Mana | 3 | 600 |
| Potion of Healing | 1 | 150 |
| total: | 14 | 1570g |
| Peon | 8 | 600 | / | 0 |
| Grunt | 8 | 1600 | / | 0 |
| Raider | 1 | 180 | / | 40 |
| Troll Headhunter | 3 | 420 | / | 60 |
| Kodo Beast | 1 | 255 | / | 60 |
| total: | 21 | 3055g | / | 160w |
| Altar of Storms | 1 | 180 | / | 50 |
| Orc Burrow | 4 | 640 | / | 160 |
| Voodoo Lounge | 1 | 130 | / | 30 |
| Barracks | 1 | 180 | / | 50 |
| War Mill | 1 | 205 | / | 0 |
| Beastiary | 1 | 145 | / | 140 |
| Spirit Lodge | 1 | 150 | / | 150 |
| Stronghold | 1 | 315 | / | 190 |
| total: | 10 | 1630g | / | 580w |
| 0:03 | Peon |
| 0:03 | Peon |
| 0:09 | Altar of Storms |
| 0:19 | Orc Burrow |
| 0:33 | Peon |
| 0:33 | Peon |
| 0:38 | Voodoo Lounge |
| 0:51 | Peon |
| 0:58 | Peon |
| 1:06 | Peon |
| 1:24 | Orc Burrow |
| 1:27 | Peon |
| 1:55 | Barracks |
| 2:07 | Lesser Clarity Potion |
| 2:09 | Feral Spirit |
| 2:40 | Healing Salve |
| 3:10 | Grunt |
| 3:10 | Grunt |
| 3:18 | Stronghold |
| 3:22 | Lesser Clarity Potion |
| 4:08 | Grunt |
| 4:10 | War Mill |
| 4:19 | Lesser Clarity Potion |
| 5:09 | Healing Salve |
| 5:10 | Lesser Clarity Potion |
| 5:14 | Grunt |
| 5:20 | Orc Burrow |
| 6:19 | Potion of Mana |
| 6:26 | Grunt |
| 6:26 | Grunt |
| 6:40 | War Stomp |
| 6:46 | Lesser Clarity Potion |
| 7:12 | Steel Armor |
| 7:25 | Beastiary |
| 7:59 | Potion of Healing |
| 7:59 | Potion of Mana |
| 8:03 | Potion of Mana |
| 8:48 | Raider |
| 8:49 | Ensnare |
| 8:52 | Chain Lighting |
| 9:02 | Grunt |
| 9:02 | Grunt |
| 9:24 | Healing Salve |
| 9:29 | Lesser Clarity Potion |
| 9:44 | Troll Headhunter |
| 10:56 | Endurance Aura |
| 11:01 | Kodo Beast |
| 11:03 | Troll Headhunter |
| 11:03 | Troll Headhunter |
| 11:27 | Orc Burrow |
| 11:30 | Spirit Lodge |
| 11:35 | Healing Salve |
| Right click | 416 |
| Select | 314 |
| Build/train/purchase | 80 |
| Select group | 48 |
| Chat | 31 |
| Misc. action | 30 |
| Minimap ping | 21 |
| Use ability | 15 |
| Assign group | 8 |
| Esc | 2 |
| Item give/drop | 1 |
97 units @ 11.2k
/ 0.8k
43 buildings @ 6.6k
/ 2.5k

| Scroll of Regeneration | 2 | 200 |
| total: | 2 | 200g |
| Peasant | 14 | 1050 | / | 0 |
| Footman | 11 | 1485 | / | 0 |
| total: | 25 | 2535g | / | 0w |
| Scout Tower | 3 | 90 | / | 60 |
| Arcane Tower | 3 | 210 | / | 150 |
| Farm | 3 | 240 | / | 60 |
| Barracks | 1 | 160 | / | 60 |
| Altar of Kings | 1 | 180 | / | 50 |
| Lumber Mill | 1 | 120 | / | 0 |
| Arcane Vault | 1 | 130 | / | 30 |
| Town Hall | 1 | 385 | / | 205 |
| Keep | 2 | 640 | / | 420 |
| Castle | 1 | 360 | / | 210 |
| total: | 11 | 1305g | / | 465w |
| 0:02 | Peasant |
| 0:02 | Peasant |
| 0:28 | Farm |
| 0:34 | Barracks |
| 0:38 | Altar of Kings |
| 0:40 | Peasant |
| 0:42 | Peasant |
| 0:59 | Peasant |
| 1:06 | Farm |
| 1:13 | Peasant |
| 1:27 | Lumber Mill |
| 1:28 | Peasant |
| 1:32 | Peasant |
| 1:47 | Scout Tower |
| 2:08 | Footman |
| 2:09 | Footman |
| 2:26 | Footman |
| 2:54 | Scout Tower |
| 3:01 | Scout Tower |
| 3:01 | Footman |
| 3:04 | Blizzard |
| 3:06 | Footman |
| 3:08 | Peasant |
| 3:31 | Arcane Tower |
| 3:35 | Arcane Tower |
| 3:41 | Peasant |
| 3:41 | Peasant |
| 3:49 | Footman |
| 4:02 | Arcane Tower |
| 4:04 | Peasant |
| 4:30 | Footman |
| 4:32 | Peasant |
| 5:33 | Peasant |
| 5:52 | Keep |
| 5:55 | Farm |
| 5:57 | Defend |
| 6:05 | Arcane Vault |
| 6:29 | Brilliance Aura |
| 6:37 | Footman |
| 7:03 | Scroll of Regeneration |
| 7:06 | Scroll of Regeneration |
| 7:11 | Improved Masonry |
| 7:55 | Footman |
| 7:56 | Footman |
| 8:21 | Footman |
| 8:59 | Town Hall |
| 9:07 | Blizzard |
| 9:14 | Castle |
| 9:16 | Improved Lumber Harvesting |
| Right click | 310 |
| Select | 284 |
| Select group | 90 |
| Chat | 72 |
| Build/train/purchase | 50 |
| Misc. action | 47 |
| Assign group | 41 |
| Use ability | 9 |
| Minimap ping | 9 |
| Esc | 4 |
| Resource trade | 4 |

| Rod of Necromancy | 1 | 150 |
| total: | 1 | 150g |
| Wisp | 15 | 900 | / | 0 |
| Huntress | 4 | 780 | / | 80 |
| Hippogryph | 4 | 640 | / | 80 |
| Dryad | 4 | 580 | / | 240 |
| total: | 27 | 2900g | / | 400w |
| Moon Well | 4 | 720 | / | 160 |
| Altar of Elders | 1 | 180 | / | 50 |
| Hunter's Hall | 1 | 210 | / | 100 |
| Ancient of War | 1 | 150 | / | 60 |
| Ancient of Wonders | 1 | 90 | / | 30 |
| Ancient of Wind | 1 | 150 | / | 140 |
| Ancient of Lore | 1 | 155 | / | 145 |
| Chimaera Roost | 1 | 140 | / | 190 |
| Tree of Ages | 1 | 320 | / | 180 |
| Tree of Eternity | 1 | 330 | / | 200 |
| total: | 11 | 1795g | / | 875w |
| 0:05 | Wisp |
| 0:05 | Wisp |
| 0:27 | Moon Well |
| 0:40 | Altar of Elders |
| 0:43 | Wisp |
| 0:43 | Wisp |
| 0:44 | Wisp |
| 0:44 | Wisp |
| 0:44 | Wisp |
| 0:44 | Wisp |
| 1:49 | Hunter's Hall |
| 1:59 | Ancient of War |
| 2:25 | Wisp |
| 2:25 | Wisp |
| 2:28 | Moon Well |
| 2:42 | Wisp |
| 2:43 | Wisp |
| 3:19 | Huntress |
| 3:19 | Huntress |
| 3:33 | Tree of Ages |
| 3:44 | Entangling Roots |
| 5:41 | Huntress |
| 5:41 | Huntress |
| 5:46 | Moon Well |
| 5:52 | Ancient of Wonders |
| 6:01 | Moon Glaive |
| 6:06 | Rod of Necromancy |
| 6:32 | Tree of Eternity |
| 7:04 | Moon Well |
| 7:33 | Force of Nature |
| 8:09 | Ancient of Wind |
| 8:59 | Thorns Aura |
| 9:06 | Wisp |
| 9:07 | Wisp |
| 9:07 | Wisp |
| 9:10 | Hippogryph |
| 9:10 | Hippogryph |
| 9:11 | Hippogryph |
| 9:11 | Hippogryph |
| 9:15 | Reinforced Hides |
| 9:21 | Chimaera Roost |
| 9:43 | Ancient of Lore |
| 11:14 | Dryad |
| 11:14 | Dryad |
| 11:14 | Dryad |
| 11:14 | Dryad |
| Right click | 202 |
| Select | 108 |
| Chat | 46 |
| Build/train/purchase | 39 |
| Use ability | 14 |
| Misc. action | 8 |
| Resource trade | 4 |
| Minimap ping | 1 |


| Moonstone | 2 | 100 |
| Potion of Healing | 1 | 150 |
| Scroll of Town Portal | 2 | 700 |
| total: | 5 | 950g |
| Wisp | 9 | 540 | / | 0 |
| Archer | 10 | 1300 | / | 100 |
| Hippogryph | 2 | 320 | / | 40 |
| total: | 21 | 2160g | / | 140w |
| Altar of Elders | 1 | 180 | / | 50 |
| Moon Well | 6 | 1080 | / | 240 |
| Ancient of War | 1 | 150 | / | 60 |
| Ancient of Wonders | 1 | 90 | / | 30 |
| Hunter's Hall | 1 | 210 | / | 100 |
| Ancient of Wind | 2 | 300 | / | 280 |
| Tree of Ages | 1 | 320 | / | 180 |
| Tree of Eternity | 2 | 660 | / | 400 |
| total: | 12 | 2010g | / | 760w |
| 0:04 | Wisp |
| 0:04 | Wisp |
| 0:09 | Altar of Elders |
| 0:15 | Moon Well |
| 0:18 | Wisp |
| 0:19 | Wisp |
| 0:43 | Ancient of War |
| 0:47 | Wisp |
| 0:50 | Wisp |
| 1:21 | Wisp |
| 1:21 | Wisp |
| 1:44 | Moon Well |
| 1:45 | Archer |
| 1:48 | Wisp |
| 2:19 | Mana Burn |
| 2:39 | Archer |
| 2:49 | Archer |
| 2:52 | Tree of Ages |
| 3:17 | Archer |
| 3:26 | Moon Well |
| 3:31 | Ancient of Wonders |
| 3:34 | Archer |
| 3:46 | Archer |
| 4:20 | Hunter's Hall |
| 4:30 | Archer |
| 4:33 | Moon Well |
| 5:21 | Improved Bows |
| 5:42 | Archer |
| 6:59 | Moonstone |
| 7:02 | Scroll of Town Portal |
| 7:06 | Evasion |
| 7:08 | Entangling Roots |
| 8:51 | Ancient of Wind |
| 8:54 | Ancient of Wind |
| 8:55 | Tree of Eternity |
| 9:12 | Moonstone |
| 9:16 | Scroll of Town Portal |
| 9:17 | Potion of Healing |
| 9:24 | Archer |
| 9:24 | Archer |
| 9:41 | Moon Well |
| 10:02 | Hippogryph |
| 10:13 | Moon Well |
| 10:34 | Hippogryph |
| Right click | 321 |
| Select | 203 |
| Chat | 87 |
| Build/train/purchase | 59 |
| Use ability | 24 |
| Remove unit | 1 |
| Minimap ping | 1 |

| Rod of Necromancy | 3 | 450 |
| Scroll of Town Portal | 1 | 350 |
| total: | 4 | 800g |
| Acolyte | 4 | 300 | / | 0 |
| Ghoul | 11 | 1320 | / | 0 |
| Crypt Fiend | 6 | 1290 | / | 240 |
| Rogue | 1 | 150 | / | 0 |
| Assassin | 1 | 250 | / | 30 |
| Forest Troll High Priest | 1 | 305 | / | 40 |
| total: | 24 | 3615g | / | 310w |
| Spirit Tower | 3 | 435 | / | 120 |
| Graveyard | 1 | 215 | / | 0 |
| Ziggurat | 4 | 600 | / | 200 |
| Crypt | 2 | 400 | / | 100 |
| Altar of Darkness | 1 | 180 | / | 50 |
| Tomb of Relics | 1 | 130 | / | 30 |
| Halls of the Dead | 1 | 320 | / | 210 |
| total: | 9 | 1525g | / | 380w |
| 0:27 | Acolyte |
| 0:35 | Graveyard |
| 0:44 | Acolyte |
| 0:55 | Ziggurat |
| 1:03 | Crypt |
| 1:17 | Altar of Darkness |
| 1:35 | Tomb of Relics |
| 1:44 | Ziggurat |
| 1:52 | Acolyte |
| 2:10 | Acolyte |
| 2:14 | Ghoul |
| 2:14 | Ghoul |
| 2:35 | Ziggurat |
| 2:44 | Rod of Necromancy |
| 2:48 | Black Arrow |
| 3:08 | Ghoul |
| 3:10 | Ghoul |
| 3:40 | Spirit Tower |
| 3:44 | Creature Attack |
| 3:48 | Ghoul |
| 4:07 | Ghoul |
| 4:07 | Ghoul |
| 4:13 | Spirit Tower |
| 4:52 | Rogue |
| 4:59 | Ghoul |
| 5:07 | Improved Creature Attack |
| 5:37 | Crypt Fiend |
| 5:47 | Assassin |
| 6:14 | Black Arrow |
| 6:15 | Life Drain |
| 6:22 | Crypt Fiend |
| 6:24 | Spirit Tower |
| 6:40 | Creature Carapace |
| 7:00 | Ghoul |
| 7:00 | Ghoul |
| 7:00 | Ghoul |
| 7:12 | Rod of Necromancy |
| 7:12 | Rod of Necromancy |
| 8:18 | Crypt Fiend |
| 8:18 | Crypt Fiend |
| 8:23 | Crypt |
| 8:50 | Crypt Fiend |
| 8:51 | Crypt Fiend |
| 8:56 | Halls of the Dead |
| 8:59 | Forest Troll High Priest |
| 9:30 | Ziggurat |
| 10:23 | Life Drain |
| 11:23 | Web |
| 11:26 | Scroll of Town Portal |
| Right click | 524 |
| Select | 177 |
| Build/train/purchase | 55 |
| Chat | 26 |
| Assign group | 18 |
| Resource trade | 9 |
| Remove unit | 4 |
| Use ability | 3 |
| Select group | 2 |
⇛